 Dungeon Crawl Stone Soup version bcrawl-1.37.2 (webtiles) character file.

Game seed: 8176229002527059495

157780 Mehrunes the Gusty (level 6, -1/45 HPs)
             Began as a Draconian Air Elementalist on Oct 25, 2022.
             Slain by an ogre
             ... wielding a +0 giant club
              (22 damage)
             ... on level 4 of the Dungeon.
             The game lasted 00:09:21 (4451 turns).

Mehrunes the Gusty (Draconian Air Elementalist)     Turns: 4451, Time: 00:09:21

Health: -1/45      AC:  6    Str: 14    XL:     6   Next: 78%
Magic:  8/10       EV: 12    Int: 18    God:
Gold:   232        SH:  0    Dex: 11    Spells: 2/11 levels left

rFire    . . .     GDR:     23% j - +0 dagger (drain)
rCold    . . .     SeeInvis .   (no shield)
rNeg     . . .     Gourm    .   (armour unavailable)
rPois    .         Faith    .   (helmet restricted)
rElec    .         Spirit   .   (no cloak)
rCorr    .         Reflect  .   (no gloves)
MR       .....                  (no boots)
Stlth    ++........             (no amulet)
HPRegen  0.17/turn              n - ring of Ynekhom {Ice Str+4}
MPRegen  0.12/turn              g - ring of fire (curse)

@: swift, very quick
A: unfitting armour, cold-blooded, AC +6
a: no special abilities


You were on level 4 of the Dungeon.
You were not hungry.

You visited 1 branch of the dungeon, and saw 4 of its levels.

You collected 232 gold pieces.

Inventory:

Hand Weapons
 j - a +0 dagger of draining (weapon)
Jewellery
 g - a cursed ring of fire (right hand)
 n - the ring of Ynekhom (left hand) {Ice Str+4}
   (You found it on level 2 of the Dungeon)

   [ring of ice]

   It enhances your ice magic.
   It affects your strength (+4).
   It makes you vulnerable to fire.
   It protects you from cold.
 t - the ring "Ytyichuth" {Ice *Contam Dex+9, unknown}
   (You found it on level 4 of the Dungeon)

   [ring of ice]

   It enhances your ice magic.
   It affects your dexterity (+9).
   It makes you vulnerable to fire.
   It protects you from cold.
   It causes magical contamination when unequipped.
Wands
 p - a wand of iceblast (11)
Scrolls
 d - a scroll of amnesia {unknown}
 i - 7 scrolls of identify
 k - a scroll of blinking {unknown}
 l - 3 scrolls of remove curse
 o - 2 scrolls of teleportation {unknown}
 r - a scroll of immolation {unknown}
Potions
 a - a potion of heal wounds {unknown}
 b - a potion of flight
 c - a potion of resistance
 f - a potion of invisibility {unknown}
 h - a potion of might {unknown}
 m - 3 potions of haste {unknown}
 q - 2 potions of curing {unknown}
 s - a potion of lignification {unknown}
 u - 2 potions of agility {unknown}
Comestibles
 e - 7 rations {!d}


   Skills:
 - Level 1.7 Dodging
 - Level 2.0 Stealth
 + Level 3.3 Spellcasting
 + Level 4.1 Conjurations
 - Level 0.8 Charms
 + Level 5.7 Air Magic


You had 2 spell levels left.
You knew the following spells:

 Your Spells              Type           Power        Failure   Level  Hunger
a - Static Discharge      Air            ###...       1%          1    None
b - Shock                 Conj/Air       ###....      3%          2    #......
c - Lightning Bolt        Conj/Air       ###.....     21%         4    #####..
d - Swiftness             Chrm/Air       ##......     6%          2    #......

Your spell library contained the following spells:

 Spells                   Type           Power        Failure   Level  Hunger
 Mephitic Cloud           Conj/Pois/Air  ##......     12%         3    ####...


Dungeon Overview and Level Annotations

Branches:
Dungeon (4/12)
 Temple: D:4-7

Altars:
Cheibriados
Fedhas
Kikubaaqudgha
Lugonu
Qazlal
Trog
Wu Jian
The Shining One

Annotations:
D:4 astraldaughter's ghost, amateur EnSA


Innate Abilities, Weirdness & Mutations

Your plain brown scales are hard. (AC +6)
You cannot fit into any form of body armour.
You are cold-blooded and may be slowed by cold attacks.


Message History

A rune on the stairs sparks and fizzles.
The ogre misses you.
There is a stone staircase leading up here.
Casting: Swiftness (safe; 6% risk of failure)
Confirm with . or Enter, or press ? or * to list all spells.
The ogre is struck by an arc of lightning.
The ogre is lightly wounded.
You are struck by an arc of lightning.
The ogre hits you with a +0 giant club!!
Casting: Static Discharge (safe; 1% risk of failure)
Confirm with . or Enter, or press ? or * to list all spells.
The ogre is struck by an arc of lightning.
The ogre is moderately wounded.
You are struck by an arc of lightning.
The ogre hits you with a +0 giant club.
Casting: Static Discharge (safe; 1% risk of failure)
Confirm with . or Enter, or press ? or * to list all spells.
You feel quick.
You open the door.
The ogre hits you with a +0 giant club!!
You die...

#.#....#.#.###
#.#.#.........
..............
#.#........... .
#............#
.##............#
...............#
##.............#########
.(.............'@O.....#
#####..........#######.#
....##.......# ####.#
....##.......## #^...#
.............># ##.###
...........#### #.#
.._8_......# #.#
.............. #.# ###
............... #.# #..


You could see an ogre.

Vanquished Creatures
  A phantom (D:3)
  A centaur (D:4)
  A scorpion (D:4)
  2 iguanas
  2 worker ants (D:4)
  6 adders
  3 gnolls (D:3)
  An ooze (D:3)
  2 worms (D:2)
  A dart slug (D:2)
  2 leopard geckos
  4 orcs
  11 bats
  5 goblins
  11 hobgoblins
  4 jackals
  4 quokkas
  3 frilled lizards
  12 kobolds
  10 rats
86 creatures vanquished.

Notes
Turn   | Place    | Note
-------+----------+-------------------------------------------
     0 | D:1      | Mehrunes the Draconian Air Elementalist began the quest for
                  | the Orb.
     0 | D:1      | Reached XP level 1. HP: 14/14 MP: 3/3
   318 | D:1      | Reached XP level 2. HP: 17/20 MP: 1/5
   409 | D:1      | Learned a level 2 spell: Shock
   742 | D:1      | Reached skill level 4 in Air Magic
   895 | D:1      | Reached XP level 3. HP: 20/26 MP: 3/6
  1472 | D:2      | Found a corrupted altar of Lugonu.
  1709 | D:2      | Got a vibrating bronze ring
  1731 | D:2      | Identified the ring of Ynekhom {Ice Str+4} (You found it on
                  | level 2 of the Dungeon)
  1914 | D:2      | Found a glowing golden altar of the Shining One.
  2013 | D:2      | Found an ornate altar of the Wu Jian Council.
  2076 | D:2      | Found a bloodstained altar of Trog.
  2197 | D:3      | Found a stormy altar of Qazlal.
  2390 | D:3      | Reached XP level 4. HP: 28/33 MP: 7/7
  2482 | D:3      | Reached XP level 5. HP: 26/38 MP: 0/8
  2671 | D:3      | Reached skill level 5 in Air Magic
  3011 | D:3      | Noticed a phantom
  3128 | D:3      | Killed a phantom
  3242 | D:3      | Reached XP level 6. HP: 45/45 MP: 9/9
  3452 | D:4      | Found a blossoming altar of Fedhas.
  3642 | D:4      | Learned a level 4 spell: Lightning Bolt
  3847 | D:4      | Got a flickering turquoise ring
  3924 | D:4      | Found an ancient bone altar of Kikubaaqudgha.
  3925 | D:4      | Found a snail-covered altar of Cheibriados.
  3942 | D:4      | Noticed astraldaughter's ghost (amateur EnSA)
  3971 | D:4      | Noticed a slave
  3971 | D:4      | Noticed a slave
  4002 | D:3      | Learned a level 2 spell: Swiftness
  4451 | D:4      | Slain by an ogre

Skill      XL: |  1  2  3  4  5  6 |
---------------+-------------------+-----
Air Magic      | 4 5 |  5.7
Conjurations   | 2 3 4 |  4.1
Spellcasting   | 3 |  3.3
Dodging        | |  1.7
Stealth        | |  2.0
Charms         | |  0.8

Action                   |  1- 3 |  4- 6 || total
-------------------------+-------+-------++-------
Melee: Unarmed           |     9 |       ||     9
       Dagger            |    29 |    37 ||    66
       Tailslap          |     4 |     4 ||     8
 Cast: Static Discharge  |    73 |    64 ||   137
       Shock             |     4 |     7 ||    11
       Swiftness         |       |     2 ||     2
  Use: Scroll            |     1 |       ||     1
 Stab: Sleeping          |       |     1 ||     1
  Eat: Chunk             |     7 |     5 ||    12
       Ration            |       |     1 ||     1
Armor: Skin              |    24 |    14 ||    38
Dodge: Dodged            |    53 |    56 ||   109
